[Event "Late-Titled-Tuesday-Blitz-September-12-2023"]
[Site "Chess.com"]
[Date "2023.09.12"]
[Round "8"]
[White "CFalcons8"]
[Black "FeketeBarika"]
[Result "0-1"]
[WhiteElo "2297"]
[BlackElo "2367"]
[TimeControl "180+1"]
[EndTime "15:22:34 PDT"]
[Termination "FeketeBarika won by checkmate"]

1. e4 e6 2. d4 d5 3. exd5 exd5 4. c3 Bd6 5. Bd3 Nc6 6. Ne2 Nge7 7. O-O Bg4 8. f3 Bh5 9. Bf4 Bg6 10. Qd2 Qd7 11. Bxd6 Qxd6 12. Nf4 O-O-O 13. Nxg6 hxg6 14. g3 Nf5 15. Na3 Rh3 16. Qg5 Nce7 17. Nb5 Qb6 18. Rae1 a6 19.
Rxe7 Nxe7 20. Qg4+ f5 21. Qxh3 axb5 22. Qh4 Nc6 23. Qg5 Nxd4 24. Kh1 Nc6 25. Qxg6 f4 26.
Qf5+ Kb8 27. Qxf4 b4 28. cxb4 Nxb4 29. Bb1 d4 30. a3 Nd5 31. Qg5 c5 32. Be4 Ne3 33.
Re1 Ka7 34. Qxg7 Qxb2 35. Qe7 Qg2# 0-1

[Event "Late-Titled-Tuesday-Blitz-September-12-2023"]
[Site "Chess.com"]
[Date "2023.09.12"]
[Round "8"]
[White "diamonds13"]
[Black "MikeSailer"]
[Result "0-1"]
[WhiteElo "2332"]
[BlackElo "2191"]
[TimeControl "180+1"]
[EndTime "15:22:43 PDT"]
[Termination "MikeSailer won by resignation"]

1. d4 d5 2. c4 Bf5 3. cxd5 Bxb1 4. Rxb1 Qxd5 5. b3 Nc6 6. e3 e5 7. Bc4 Qxg2 8. Qf3 Bb4+ 9. Ke2 Qxf3+ 10. Nxf3 exd4 11.
exd4 O-O-O 12. Be3 Nh6 13. Rhg1 Nf5 14. d5 Nxe3 15.
dxc6 Nxc4 16. bxc4 Bc3 17. Rxb7 Rhe8+ 18. Kf1 Rd1+ 19. Kg2 Rxg1+ 20. Nxg1 Bd4 21. Nf3 Bb6 22. a4 Re6 23. a5 Rxc6 24. axb6 Kxb7 25. Ne5 Rxb6 26.
Nxf7 Rg6+ 27. Kf1 a5 28. Ne5 Re6 29. Nd3 Kc6 30. Nb2 Kc5 31. f3 Kb4 32. c5 Kb3 33. Nd3 a4 34. f4 a3 35. f5 Rh6 36. Kg2 Kc3 37. Nc1 Kb2 38. Nd3+ Kc2 39. Nb4+ Kb3 40.
Nd3 a2 41. Nc1+ Kb2 42. Nxa2 Kxa2 43. Kg3 Rc6 44. f6 gxf6 45. Kf4 Rxc5 0-1

[Event "Late-Titled-Tuesday-Blitz-September-12-2023"]
[Site "Chess.com"]
[Date "2023.09.12"]
[Round "8"]
[White "chess94cu"]
[Black "GMKrikor"]
[Result "0-1"]
[WhiteElo "2684"]
[BlackElo "2877"]
[TimeControl "180+1"]
[EndTime "15:22:44 PDT"]
[Termination "GMKrikor won by resignation"]

1. e4 e6 2. d4 d5 3. Nd2 c5 4. exd5 Qxd5 5. dxc5 Qxc5 6. Ngf3 Nf6 7. Bd3 Nbd7 8. Qe2 Qc7 9. c3 b6 10. O-O Bb7 11. Re1 Be7 12. Nc4 O-O 13. Nce5 Nxe5 14. Nxe5 Rad8 15. Bf4 Bd6 16. Rad1 h6 17. h3 Rfe8 18. Bb5 Rf8 19. Rd2 Ne4 20. Rxd6 Qxd6 21. Ng6 e5 22. Nxe5 Qf6 23. Qg4 h5 24. Qf3 Nxc3 25.
Qxc3 Qxf4 26. Qc7 Rd2 27. Nd3 Qxc7 0-1

[Event "Late-Titled-Tuesday-Blitz-September-12-2023"]
[Site "Chess.com"]
[Date "2023.09.12"]
[Round "8"]
[White "newyorkmouse"]
[Black "picturesquecheck"]
[Result "1-0"]
[WhiteElo "2469"]
[BlackElo "2338"]
[TimeControl "180+1"]
[EndTime "15:22:47 PDT"]
[Termination "newyorkmouse won by resignation"]

1. b3 Nf6 2. Bb2 g6 3. g3 Bg7 4. Bg2 O-O 5. Nf3 d6 6. d4 Nc6 7. c4 e5 8. d5 Ne7 9. O-O a5 10. a3 Nd7 11. e4 h6 12. Re1 f5 13. Nbd2 f4 14. b4 g5 15. c5 Ng6 16. Nc4 Qe7 17. cxd6 cxd6 18. bxa5 Qf6 19. a4 g4 20.
Nfd2 Nc5 21. Nb3 Na6 22. Ba3 Rd8 23. Rc1 Bf8 24. Nb6 Rb8 25. Nxc8 Rbxc8 26. Qxg4 Rxc1 27. Rxc1 Kh7 28. Bf1 Be7 29. Bxa6 bxa6 30. Rc7 Rf8 31.
Qe6 Qg5 32. Bxd6 fxg3 33. hxg3 Rf6 34. Bxe7 Rxe6 35. Bxg5+ 1-0

[Event "Late-Titled-Tuesday-Blitz-September-12-2023"]
[Site "Chess.com"]
[Date "2023.09.12"]
[Round "8"]
[White "talaicito"]
[Black "MBA_CHESS_2021"]
[Result "0-1"]
[WhiteElo "2189"]
[BlackElo "2218"]
[TimeControl "180+1"]
[EndTime "15:22:48 PDT"]
[Termination "MBA_CHESS_2021 won on time"]

1. d4 d5 2. Nc3 Nf6 3. Bf4 Bf5 4. e3 c6 5. Nf3 e6 6. Ne5 Nbd7 7. g4 Nxe5 8. gxf5 Nc4 9. Bxc4 dxc4 10. fxe6 fxe6 11. Qe2 b5 12. O-O-O Qa5 13. Kb1 O-O-O 14. f3 Be7 15. Rhg1 g6 16. Ka1 Kb7 17. e4 Rhf8 18.
Bh6 Rf7 19. Bg5 Rdf8 20. Rgf1 Nh5 21. Bh6 Rc8 22. f4 Bb4 23. Nb1 c3 24. b3 Ba3 25.
Nd2 cxd2 26. Qxd2 Bb4 27. Qc1 Bc3+ 28. Kb1 Rd8 29. d5 exd5 30. exd5 cxd5 31. Rf3 b4 32. Rfd3 Rfd7 33. Bg5 Rc8 34. f5 gxf5 35. Qe3 Qa3 0-1

[Event "Late-Titled-Tuesday-Blitz-September-12-2023"]
[Site "Chess.com"]
[Date "2023.09.12"]
[Round "8"]
[White "Arystanner"]
[Black "likantrophuss"]
[Result "1-0"]
[WhiteElo "2834"]
[BlackElo "2604"]
[TimeControl "180+1"]
[EndTime "15:22:50 PDT"]
[Termination "Arystanner won on time"]

1. d4 e6 2. c4 f5 3. Bf4 Bb4+ 4.
Nd2 a5 5. Nf3 Nf6 6. e3 O-O 7.
Bd3 d6 8. O-O Bxd2 9. Qxd2 Qe7 10. Bg3 Nh5 11. c5 Nxg3 12. hxg3 e5 13. cxd6 cxd6 14.
dxe5 dxe5 15. e4 f4 16. Qc3 Nc6 17. Bb5 fxg3 18. Bxc6 gxf2+ 19. Rxf2 bxc6 20. Qxe5 Qb4 21. a3 Qb5 22. Raf1 Bg4 23. Qc3 Bxf3 24. Rxf3 Rxf3 25. Rxf3 Re8 26. Qd4 Qe2 27. Qd7 Qe1+ 28. Kh2 Qh4+ 29.
Rh3 Qf4+ 30. Rg3 Qh6+ 31. Kg1 Qc1+ 32. Kf2 Rf8+ 33. Rf3 Qxb2+ 34. Kg1 Qc1+ 35. Kh2 Qh6+ 36. Kg1 Qc1+ 37. Kh2 Rxf3 38. gxf3 Qf4+ 39. Kg2 1-0

[Event "Late-Titled-Tuesday-Blitz-September-12-2023"]
[Site "Chess.com"]
[Date "2023.09.12"]
[Round "8"]
[White "queen_iryna"]
[Black "miraitrunks"]
[Result "1-0"]
[WhiteElo "2346"]
[BlackElo "2122"]
[TimeControl "180+1"]
[EndTime "15:22:52 PDT"]
[Termination "queen_iryna won on time"]

1. e4 e6 2. d4 d5 3. Nc3 Bb4 4. Ne2 dxe4 5. a3 Be7 6. g4 Nf6 7. g5 Nd5 8. Nxe4 Nc6 9. Bg2 O-O 10. Qd3 e5 11. c4 Nb6 12. d5 Nb8 13. h4 f5 14.
gxf6 Bxf6 15. Bg5 Nc6 16. O-O-O Na5 17. Rdg1 Kh8 18. Bxf6 gxf6 19. Ng5 fxg5 20. hxg5 Bf5 21. Qc3 Qxg5+ 22. f4 Qe7 23. Qxa5 Nxc4 24. Qc3 Qc5 25. fxe5 Qe3+ 26. Qxe3 Nxe3 27. Bh3 Bd3 28. Nc3 c6 29. d6 Rae8 30. e6 Nd5 31. Nxd5 cxd5 32. d7 Re7 33. Rg3 Be4 34. Rhg1 Bg6 35. Rc3 Kg7 36. Rc8 1-0

[Event "Late-Titled-Tuesday-Blitz-September-12-2023"]
[Site "Chess.com"]
[Date "2023.09.12"]
[Round "8"]
[White "Francisco_Ferrari"]
[Black "djano"]
[Result "0-1"]
[WhiteElo "2239"]
[BlackElo "2627"]
[TimeControl "180+1"]
[EndTime "15:22:54 PDT"]
[Termination "djano won by checkmate"]

1. e4 c5 2. Nf3 Nc6 3. d4 cxd4 4. Nxd4 g6 5. c4 e5 6. Nb5 d6 7. N1c3 a6 8. Na3 Nf6 9. Bg5 Bg7 10. Nd5 h6 11.
Bxf6 Bxf6 12. Nc2 O-O 13. Be2 Be6 14. O-O Bg7 15. a4 f5 16. exf5 gxf5 17. b4 Rc8 18. a5 Ne7 19. Nce3 e4 20. Rc1 Ng6 21. Nb6 Rc6 22. Ned5 f4 23. Bg4 Bf7 24. Bf5 f3 25. Bxe4 fxg2 26. Bxg2 Nh4 27. Be4 Bg6 28. Qd3 Rf3 29.
Ne7+ Qxe7 30. Qd5+ Bf7 31. Bxf3 Bxd5 32. Bxd5+ Kh7 33. Bxc6 bxc6 34. Kh1 Qe4+ 35. f3 Nxf3 36. Rf2 Bd4 37. Ra2 Nd2# 0-1

[Event "Late-Titled-Tuesday-Blitz-September-12-2023"]
[Site "Chess.com"]
[Date "2023.09.12"]
[Round "8"]
[White "karinachess1"]
[Black "only_strong_moves"]
[Result "0-1"]
[WhiteElo "2606"]
[BlackElo "2510"]
[TimeControl "180+1"]
[EndTime "15:22:58 PDT"]
[Termination "only_strong_moves won on time"]

1. d4 Nf6 2. c4 e6 3. Nc3 Bb4 4. Qc2 d5 5. a3 Bxc3+ 6. Qxc3 O-O 7. Nf3 dxc4 8. e3 b5 9. a4 c6 10. Qc2 Na6 11. Bd2 Nd5 12. e4 Ndb4 13. Qb1 Rb8 14.
Be2 Nd3+ 15. Bxd3 cxd3 16. Qxd3 bxa4 17. Rxa4 Nc5 18. Qc2 Nxa4 19. Qxa4 Rxb2 20. O-O Qb6 21. Be3 Rb1 22. Nd2 Rxf1+ 23. Nxf1 Qb5 24. Qa1 Ba6 25. Nd2 f5 26. exf5 exf5 27. g3 Qe2 28. Qa2+ Kh8 29. Qe6 f4 30. Qe7 Qd1+ 31. Kg2 f3+ 32. Kh3 Rg8 33.
Ne4 Bc8+ 34. Kh4 Qh1 35. Kg5 Qxh2 36. Kf4 Qh5 37. Ng5 Qg4+ 38. Ke5 Qf5+ 39. Kd6 Rf8 40. Ne4 Qd5+ 41. Kc7 Rf7 0-1

[Event "Late-Titled-Tuesday-Blitz-September-12-2023"]
[Site "Chess.com"]
[Date "2023.09.12"]
[Round "8"]
[White "Garmendiarov"]
[Black "aNaartjieZA"]
[Result "1-0"]
[WhiteElo "2364"]
[BlackElo "2455"]
[TimeControl "180+1"]
[EndTime "15:22:58 PDT"]
[Termination "Garmendiarov won by resignation"]

1. e4 e6 2. d4 d5 3. Nc3 Bb4 4. e5 c5 5. a3 Bxc3+ 6. bxc3 Ne7 7. Qg4 Qc7 8. Qxg7 Rg8 9. Qxh7 cxd4 10. Ne2 Nbc6 11.
f4 dxc3 12. Qd3 d4 13. Nxd4 Nxd4 14. Qxd4 Bd7 15. Be3 b6 16. Bd3 Bc6 17. Be4 Bxe4 18. Qxe4 Nd5 19. O-O O-O-O 20. a4 Rg4 21. a5 b5 22. Rab1 b4 23. g3 Rdg8 24. Rfd1 Rxg3+ 25. hxg3 Rxg3+ 26. Kf2 Rxe3 27. Qg2 Qc4 28. Qg8+ Kb7 29. Qxf7+ Kb8 30. Qe8+ Kb7 31. Qd7+ Kb8 32. Qe8+ Kc7 33. Qf7+ Kb8 34. Qf8+ Kb7 35. Rxb4+ Ka6 36. Qd6+ Kxa5 37.
Ra1+ 1-0

[Event "Late-Titled-Tuesday-Blitz-September-12-2023"]
[Site "Chess.com"]
[Date "2023.09.12"]
[Round "8"]
[White "kleopl"]
[Black "Inepton_Fermion"]
[Result "0-1"]
[WhiteElo "2510"]
[BlackElo "2377"]
[TimeControl "180+1"]
[EndTime "15:22:59 PDT"]
[Termination "Inepton_Fermion won by checkmate"]

1. c4 e5 2. Nc3 Nf6 3. Nf3 Nc6 4. e4 Bb4 5. d3 d6 6. a3 Bc5 7. Be2 a5 8. Rb1 O-O 9. O-O Nd4 10. b4 axb4 11. axb4 Nxf3+ 12. Bxf3 Bd4 13. Ne2 Bb6 14.
Bg5 h6 15. Bxf6 Qxf6 16. Ng3 g6 17. Bg4 Ra2 18. Bf3 Bd7 19. Qb3 Rfa8 20. Rb2 R2a3 21. Qd1 Bd4 22. Re2 h5 23. Rfe1 Bc3 24. Nf1 Ra1 25.
Qxa1 Rxa1 26. Rxa1 Bxa1 27. Ra2 Bc3 28. b5 Bd4 29. Ra8+ Kg7 30. Rb8 b6 31. Rb7 Qd8 32. Ra7 Qb8 33. Ra3 c6 34. bxc6 Bxc6 35. Rb3 Qa7 36.
g4 Qa2 37. Bd1 Qxf2+ 38. Kh1 Qg1# 0-1

[Event "Late-Titled-Tuesday-Blitz-September-12-2023"]
[Site "Chess.com"]
[Date "2023.09.12"]
[Round "8"]
[White "Arteler"]
[Black "oskariot"]
[Result "0-1"]
[WhiteElo "2487"]
[BlackElo "2698"]
[TimeControl "180+1"]
[EndTime "15:23:00 PDT"]
[Termination "oskariot won on time"]

1. e4 e5 2. Nf3 Nc6 3. Bb5 a6 4.
Ba4 Nf6 5. d4 exd4 6. O-O Be7 7.
Re1 b5 8. e5 Nd5 9. Bb3 Nb6 10.
c3 dxc3 11. Nxc3 O-O 12. Bf4 Bb7 13. Qd2 Nc4 14. Bxc4 bxc4 15. Rad1 Nb4 16. Bg3 Nd3 17. Rf1 d5 18. exd6 cxd6 19. Ne1 Bg5 20. f4 Nxe1 21. Rfxe1 Bf6 22. Qxd6 Qa5 23. Bf2 Qh5 24. Qb6 Rab8 25. Qe3 Ba8 26. Rd2 h6 27. Ne4 Bxb2 28. Nd6 c3 29. Rc2 Qg6 0-1

[Event "Late-Titled-Tuesday-Blitz-September-12-2023"]
[Site "Chess.com"]
[Date "2023.09.12"]
[Round "8"]
[White "Der_Honigdachs"]
[Black "Lennis93"]
[Result "0-1"]
[WhiteElo "2531"]
[BlackElo "2710"]
[TimeControl "180+1"]
[EndTime "15:23:01 PDT"]
[Termination "Lennis93 won by resignation"]

1. c4 e5 2. Nc3 Nf6 3. g3 c6 4. d4 exd4 5. Qxd4 d5 6. Bg2 Be6 7. Nh3 dxc4 8. Qxd8+ Kxd8 9. Ng5 Nbd7 10.
O-O Nb6 11. Rd1+ Ke8 12. Nxe6 fxe6 13. e4 e5 14. Be3 Ng4 15. Bd2 Bc5 16. Be1 Rf8 17.
Rd2 Rd8 18. Rad1 Rxd2 19. Rxd2 Bd4 20. h3 Nf6 21. Ne2 c5 22. Rc2 Kd7 23. Nc3 Kc6 24. Kf1 a6 25. Ke2 Nc8 26. Nd5 b5 27. f4 Nd6 28. Nxf6 gxf6 29. Bf3 Rg8 30. h4 b4 31. b3 c3 32. f5 a5 33. g4 c4 34. bxc4 Nxc4 35. Kd3 Nb2+ 36. Ke2 a4 37. Rc1 Kc5 38. a3 Kc4 39. g5 fxg5 40. Bh5 Rf8 41. hxg5 Nd3 42.
Rd1 Nf4+ 43. Kf3 Nxh5 44. axb4 a3 45. Kg4 Nf4 46. Bg3 Ne2 0-1

[Event "Late-Titled-Tuesday-Blitz-September-12-2023"]
[Site "Chess.com"]
[Date "2023.09.12"]
[Round "8"]
[White "andrzej"]
[Black "SCIM"]
[Result "1-0"]
[WhiteElo "2448"]
[BlackElo "2574"]
[TimeControl "180+1"]
[EndTime "15:23:01 PDT"]
[Termination "andrzej won by resignation"]

1. e4 e5 2. Nf3 Nc6 3. Bb5 a6 4. Ba4 Nf6 5. O-O Be7 6. Re1 b5 7. Bb3 O-O 8. a4 b4 9. d4 d6 10.
dxe5 dxe5 11. Qxd8 Rxd8 12. Bg5 Bg4 13. Bxf6 Bxf6 14. Nbd2 Rd7 15. Bd5 Bxf3 16. Bxc6 Rxd2 17. Bxa8 Be2 18. Bd5 Rxc2 19. Rac1 Bd3 20. Rxc2 Bxc2 21. a5 Bg5 22. h4 Bxh4 23. Rc1 b3 24. Ra1 c5 25. Bc4 Bxe4 26. Bxa6 Bd8 27. Bc4 Kf8 28. a6 Ba8 29. Rd1 Ke8 30. Bxf7+ Ke7 31. Bxb3 Bb6 32. Bc4 e4 33. Kf1 h5 34. Ke2 g5 35. Ke3 h4 36. Bd5 c4+ 37. Ke2 Bxd5 38. Rxd5 g4 39. Re5+ Kd6 40. Rxe4 Kc5 41. Rxg4 1-0

[Event "Late-Titled-Tuesday-Blitz-September-12-2023"]
[Site "Chess.com"]
[Date "2023.09.12"]
[Round "8"]
[White "Jospem"]
[Black "tptagain"]
[Result "0-1"]
[WhiteElo "3084"]
[BlackElo "2955"]
[TimeControl "180+1"]
[EndTime "15:23:03 PDT"]
[Termination "tptagain won by resignation"]

1. e4 c6 2. d4 d5 3. e5 Bf5 4. h4 h6 5. Bd3 Bxd3 6. Qxd3 e6 7. Be3 Ne7 8. Nd2 Nf5 9. Ngf3 Be7 10. h5 O-O 11. g4 Nxe3 12. fxe3 c5 13. c3 Nc6 14. O-O Qc7 15. Kg2 b5 16. a3 a5 17. Rac1 c4 18. Qc2 b4 19. a4 Rab8 20. Ra1 Rb6 21.
Rf2 Rfb8 22. Raf1 bxc3 23. bxc3 Rb2 24. Qc1 f6 25. exf6 Bxf6 26. g5 hxg5 27. Nh2 Ne7 28. e4 dxe4 29. Nxe4 Rxf2+ 30. Rxf2 Qc6 31. Qe1 Nd5 32.
Ng4 Nxc3 33. Re2 Nxe2 34. Qxe2 c3 35. Kh3 c2 36. Nexf6+ gxf6 37. Qd3 Rb3 38. Qxb3 c1=Q 39. Qb8+ Qc8 40. Nxf6+ Kf7 41. Qe5 Q8c3+ 42. Kg4 Qg1+ 0-1

[Event "Late-Titled-Tuesday-Blitz-September-12-2023"]
[Site "Chess.com"]
[Date "2023.09.12"]
[Round "8"]
[White "MathiasCasalaspro"]
[Black "Nigerianprodigy"]
[Result "1-0"]
[WhiteElo "2282"]
[BlackElo "2370"]
[TimeControl "180+1"]
[EndTime "15:23:03 PDT"]
[Termination "MathiasCasalaspro won on time"]

1. e4 c5 2. Nf3 d6 3. d4 cxd4 4. Qxd4 Nc6 5. Bb5 Bd7 6. Bxc6 Bxc6 7. c4 Nf6 8. Nc3 g6 9. Be3 Bg7 10. Qd3 O-O 11. O-O a6 12. Rad1 b5 13. cxb5 axb5 14. e5 Ng4 15. exd6 Bxf3 16. dxe7 Qxe7 17. gxf3 Ne5 18. Qe4 Qf6 19. f4 Ng4 20. h3 Rfe8 21.
Qf3 Nxe3 22. fxe3 b4 23. Nd5 Qxb2 24. Rf2 Qa3 25. Nc7 Rac8 26. Nxe8 Rxe8 27. Re2 b3 28.
axb3 Qxb3 29. Rde1 Bc3 30. Rf1 Qc4 31. Rff2 Qd3 32.
Kg2 Bf6 33. e4 Qd7 34. Qg4 1-0

[Event "Late-Titled-Tuesday-Blitz-September-12-2023"]
[Site "Chess.com"]
[Date "2023.09.12"]
[Round "8"]
[White "a-z30"]
[Black "FredddieCroderg"]
[Result "1-0"]
[WhiteElo "2413"]
[BlackElo "2323"]
[TimeControl "180+1"]
[EndTime "15:23:04 PDT"]
[Termination "a-z30 won by resignation"]

1. d3 d6 2. Nf3 e5 3. g3 f5 4.
Bg2 Nf6 5. O-O Be7 6. c4 O-O 7.
Nc3 Kh8 8. b3 Nc6 9. Bb2 f4 10.
e3 Qe8 11. exf4 exf4 12. Nd5 Qh5 13. Nxe7 Nxe7 14. Bxf6 Rxf6 15. Nd4 Bg4 16. Qd2 f3 17. Bh1 Raf8 18. Rfe1 Rh6 19. h4 Ng6 20. Qg5 Qxg5 21. hxg5 Rh5 22. Re3 Ne5 23. Rae1 Rxg5 24. Nxf3 Nxf3+ 25. Bxf3 h5 26. Bxb7 Rgf5 27. f4 R5f7 28. Re8 Kh7 29.
Rxf8 Rxf8 30. Re7 h4 31. Kh2 h3 32. Be4+ Kh6 33. Rxc7 g6 34. Rxa7 Bf5 35. Bxf5 gxf5 36.
Kxh3 Re8 37. Ra6 Re3 1-0

[Event "Late-Titled-Tuesday-Blitz-September-12-2023"]
[Site "Chess.com"]
[Date "2023.09.12"]
[Round "8"]
[White "salomez"]
[Black "Gogolev_Artemy"]
[Result "0-1"]
[WhiteElo "2287"]
[BlackElo "2404"]
[TimeControl "180+1"]
[EndTime "15:23:05 PDT"]
[Termination "Gogolev_Artemy won on time"]

1. e4 c5 2. Nf3 e6 3. d4 cxd4 4. Nxd4 Nc6 5. Nc3 Qc7 6. Be3 a6 7. f3 Nf6 8. g4 b5 9. g5 Nh5 10. Qd2 Bb7 11. O-O-O Be7 12. Bh3 b4 13. Nce2 Ne5 14.
b3 d5 15. f4 Nd7 16. f5 e5 17. f6 exd4 18. Bxd4 gxf6 19. gxf6 Nhxf6 20. exd5 Kd8 21. Rhf1 Rg8 22. Nf4 Bd6 23. Ne6+ fxe6 24. dxe6 Ne4 25. Qe3 Rc8 0-1

[Event "Late-Titled-Tuesday-Blitz-September-12-2023"]
[Site "Chess.com"]
[Date "2023.09.12"]
[Round "8"]
[White "HajiyevKanan"]
[Black "valemava"]
[Result "1/2-1/2"]
[WhiteElo "2496"]
[BlackElo "2360"]
[TimeControl "180+1"]
[EndTime "15:23:07 PDT"]
[Termination "Game drawn by stalemate"]

1. d4 c6 2. Nf3 b5 3. e4 a6 4.
a4 b4 5. a5 d5 6. e5 Bg4 7.
Bg5 Qc7 8. Nbd2 e6 9. h3 Bh5 10. g4 Bg6 11. h4 h6 12. Be3 c5 13. c4 bxc3 14. bxc3 c4 15. Qa4+ Qc6 16. h5 Qxa4 17. Rxa4 Bh7 18. Bg2 Bd3 19. Ng1 Nc6 20. Ne2 Be7 21. Nc1 Bh7 22. Nxc4 Rb8 23. O-O f6 24. Nb6 fxe5 25. dxe5 Nxe5 26. Re1 Bf6 27. Nxd5 Nxg4 28. Rxg4 exd5 29. Ba7+ Kf7 30. Bxd5+ Kf8 31. Bxb8 Ne7 32. Bd6 Bf5 33. Rf4 g6 34. hxg6 Kg7 35. Bxe7 Bg5 36. Bxg5 Bxg6 37. Bf6+ Kh7 38. Re7+ Bf7 39. Rxf7+ Kg6 40. Bxh8 h5 41. R4f6+ Kg5 42.
Rg7+ Kh4 43. Rfg6 Kh3 44. Bg2+ Kh4 45. Rg5 1/2-1/2

[Event "Late-Titled-Tuesday-Blitz-September-12-2023"]
[Site "Chess.com"]
[Date "2023.09.12"]
[Round "8"]
[White "SaqoChess_Twitch"]
[Black "becemix"]
[Result "0-1"]
[WhiteElo "2699"]
[BlackElo "2547"]
[TimeControl "180+1"]
[EndTime "15:23:09 PDT"]
[Termination "becemix won by checkmate"]

1. d4 d5 2. c4 e6 3. Nc3 c6 4. e3 Nf6 5. Nf3 Nbd7 6. Bd3 dxc4 7. Bxc4 Bd6 8. O-O O-O 9. e4 e5 10. Bg5 h6 11. Bh4 Qe7 12. Bg3 exd4 13. Qxd4 Bxg3 14.
hxg3 Ng4 15. Rad1 Nge5 16. Nxe5 Nxe5 17. Be2 Ng6 18. f4 Re8 19. e5 Nf8 20. Bc4 Be6 21. Bxe6 Nxe6 22. Qd6 Qxd6 23. Rxd6 Red8 24. Rfd1 Rxd6 25.
Rxd6 Rd8 26. Ne4 Rxd6 27. Nxd6 Nd8 28. Kf2 Kf8 29. Ke3 Ke7 30. f5 f6 31. Nc8+ Kd7 32.
exf6 gxf6 33. Nxa7 Kc7 34. Kf3 Kb8 35. Nxc6+ Nxc6 36. Kg4 Nd4 37. Kf4 Kc7 38. g4 Kd6 39. Kg3 Ke5 40. Kh4 Kf4 41. Kh5 Nc6 42. Kxh6 Ne5 43. Kg7 Nxg4 44. Kg6 Ke5 45. g3 Ne3 46. b4 Nxf5 47.
g4 Ne7+ 48. Kf7 Nd5 49. a3 Ne3 50. a4 Nxg4 51. a5 Nh6+ 52. Ke7 Nf5+ 53. Kd7 Nd6 54. Kc7 f5 55. b5 Nxb5+ 56. Kxb7 Kd5 57. a6 f4 58. Kb6 Kc4 59. Ka5 f3 60. Kb6 f2 61.
Ka5 f1=Q 62. Kb6 Qa1 63. Kb7 Qa5 64. Kb8 Qc7+ 65. Ka8 Qa7# 0-1

[Event "Late-Titled-Tuesday-Blitz-September-12-2023"]
[Site "Chess.com"]
[Date "2023.09.12"]
[Round "8"]
[White "zeitnot2006"]
[Black "kuli4ik"]
[Result "0-1"]
[WhiteElo "2762"]
[BlackElo "2956"]
[TimeControl "180+1"]
[EndTime "15:23:11 PDT"]
[Termination "kuli4ik won on time"]

1. e4 Nf6 2. Nc3 d5 3. exd5 Nxd5 4. Nf3 g6 5. Bc4 Nb6 6. Bb3 Bg7 7. O-O O-O 8. h3 c5 9. d3 Nc6 10. a4 c4 11. Bxc4 Nxc4 12. dxc4 Bxc3 13. bxc3 Qxd1 14. Rxd1 Be6 15. c5 Rfc8 16. Nd4 Bd7 17. Nxc6 Bxc6 18. a5 a6 19. Be3 f6 20. f4 Rd8 21. Rd4 Kf7 22.
Rad1 Rdc8 23. Kf2 h5 24. g3 Re8 25. R4d2 Rac8 26. Re1 Rcd8 27. Rxd8 Rxd8 28. Bd4 Rd5 29. g4 Rd8 30. g5 Rd5 31. h4 Rf5 32. Kg3 e5 33. fxe5 fxg5 34. e6+ Ke7 35. hxg5 Rxg5+ 36. Kh3 Rf5 37. Kh4 Bf3 38. Re5 g5+ 39. Kg3 h4+ 40. Kf2 Rxe5 41. Bxe5 Bc6 42. Bc7 Kxe6 43. Bd8 Kf5 44.
Bc7 g4 45. Bd8 g3+ 0-1

[Event "Late-Titled-Tuesday-Blitz-September-12-2023"]
[Site "Chess.com"]
[Date "2023.09.12"]
[Round "8"]
[White "KaydenTroffChess"]
[Black "ozates"]
[Result "1-0"]
[WhiteElo "2746"]
[BlackElo "2570"]
[TimeControl "180+1"]
[EndTime "15:23:11 PDT"]
[Termination "KaydenTroffChess won by checkmate"]

1. d4 Nf6 2. Nf3 d5 3. Bf4 c5 4. e3 Nc6 5. Nc3 a6 6. dxc5 e6 7. Na4 Bxc5 8. Nxc5 Qa5+ 9. c3 Qxc5 10. Bd3 O-O 11. O-O Qe7 12. Ne5 Nxe5 13. Bxe5 Nd7 14. Bg3 b5 15. e4 Bb7 16. e5 Rac8 17. Qh5 f5 18. exf6 Nxf6 19. Qg5 h6 20. Qe5 Ne4 21. Rfe1 Qf6 22. f3 Nxg3 23. hxg3 Qxe5 24. Rxe5 Rf6 25. a4 bxa4 26. Rxa4 Rc6 27. Rb4 Bc8 28. Rb8 Kf7 29. g4 Ke7 30. g5 hxg5 31. Rxg5 Rf7 32. Ra8 Kd6 33. Rg6 Kc5 34. Rb8 Rfc7 35. f4 Rb6 36. Rxb6 Kxb6 37. f5 Re7 38. fxe6 Rxe6 39. Rxg7 Re3 40.
Bf1 Bf5 41. Rf7 Bc2 42. Rf6+ Kc5 43. b4# 1-0

[Event "Late-Titled-Tuesday-Blitz-September-12-2023"]
[Site "Chess.com"]
[Date "2023.09.12"]
[Round "8"]
[White "kacprekt"]
[Black "RETURNOFTHELAGGER"]
[Result "1-0"]
[WhiteElo "2517"]
[BlackElo "2588"]
[TimeControl "180+1"]
[EndTime "15:23:12 PDT"]
[Termination "kacprekt won by resignation"]

1. e4 c6 2. Nf3 d5 3. d3 g6 4. Nbd2 Bg7 5. g3 e5 6. Bg2 Ne7 7. O-O O-O 8. c3 h6 9. Qc2 Nd7 10. a4 a5 11. b3 b6 12. Ba3 Ba6 13. Rfe1 Re8 14. Rad1 Qc7 15. d4 exd4 16. Nxd4 Nf6 17. e5 Nh7 18. Bd6 Qd7 19. f4 Rac8 20. N2f3 c5 21. Ne2 Nf5 22. Bh3 Ne3 23. Bxd7 Nxc2 24. Bxc8 Rxc8 25. Kf2 Nxe1 26. Nxe1 Bb7 27. Nc2 Nf8 28.
Ne3 c4 29. b4 axb4 30. Bxb4 Ra8 31. Nxd5 Rxa4 32. Nxb6 Ra2 33. Ke3 Ra6 34. Nxc4 Rc6 35. Na5 Rc7 36. Rd8 Ba6 37. Nd4 Rd7 38. Ra8 Bf1 39.
e6 Rc7 40. e7 Bg2 41. e8=Q 1-0

[Event "Late-Titled-Tuesday-Blitz-September-12-2023"]
[Site "Chess.com"]
[Date "2023.09.12"]
[Round "8"]
[White "chosenpr"]
[Black "ManuMunoz01"]
[Result "1-0"]
[WhiteElo "2378"]
[BlackElo "2238"]
[TimeControl "180+1"]
[EndTime "15:23:13 PDT"]
[Termination "chosenpr won on time"]

1. d4 d5 2. c4 c6 3. Nf3 Bf5 4. Nc3 e6 5. Qb3 Bd6 6. Qxb7 Nd7 7. Qxc6 Bb4 8. Ne5 Rc8 9. Qa4 a5 10. Bd2 Nf6 11. cxd5 exd5 12. Nxd7 Bxd7 13. Qd1 O-O 14. e3 Bf5 15. Be2 Bxc3 16. Bxc3 Ne4 17. Rc1 Nxc3 18.
Rxc3 Rxc3 19. bxc3 Qb6 20. O-O Rc8 21. Qd2 Qc6 22. Rc1 Qa4 23. Qb2 h6 24. h3 Qc6 25.
Bb5 Qb6 26. a4 Bd7 27. Rb1 Rb8 28. Qe2 Qc7 29. Qd3 Be6 30. Rc1 Qc8 31. c4 dxc4 32. Bxc4 Rb4 33. d5 Bd7 34. Rc3 1-0

[Event "Late-Titled-Tuesday-Blitz-September-12-2023"]
[Site "Chess.com"]
[Date "2023.09.12"]
[Round "8"]
[White "Athanasios2"]
[Black "PabloZarnicki"]
[Result "1-0"]
[WhiteElo "2705"]
[BlackElo "2511"]
[TimeControl "180+1"]
[EndTime "15:23:18 PDT"]
[Termination "Athanasios2 won on time"]

1. Nf3 Nf6 2. c4 g6 3. Nc3 Bg7 4. g3 O-O 5. Bg2 c5 6. O-O Nc6 7. d4 Nxd4 8. Nxd4 cxd4 9. Qxd4 d6 10. Qd3 a6 11. b3 Rb8 12. Bb2 Bf5 13. e4 Bd7 14.
Rfd1 Bc6 15. Rac1 Nd7 16. Qd2 b5 17. cxb5 axb5 18. Ne2 Ba8 19. Bxg7 Kxg7 20. Nd4 Qb6 21. Qc3 Kg8 22. Qc7 Rfd8 23. Qc2 b4 24. Qd2 Rbc8 25.
h4 Bb7 26. Nc2 Nc5 27. Qe1 Rb8 28. Ne3 Qa6 29. Rc4 Qxa2 30. Rxb4 Ba8 31. h5 Rxb4 32.
Qxb4 Qxb3 33. Qa5 Rb8 34. Qc7 Qb7 35. Qa5 1-0

[Event "Late-Titled-Tuesday-Blitz-September-12-2023"]
[Site "Chess.com"]
[Date "2023.09.12"]
[Round "8"]
[White "BogdanDeac"]
[Black "MagnusCarlsen"]
[Result "0-1"]
[WhiteElo "2980"]
[BlackElo "3227"]
[TimeControl "180+1"]
[EndTime "15:23:20 PDT"]
[Termination "MagnusCarlsen won by resignation"]

1. d4 d5 2. c4 e6 3. Nf3 c6 4.
Nbd2 Nf6 5. g3 c5 6. cxd5 exd5 7.
Bg2 Nc6 8. O-O h6 9. Re1 cxd4 10. Nb3 Bd6 11. Nbxd4 O-O 12. b3 Re8 13. Bb2 Bb4 14. Rf1 Nxd4 15. Qxd4 Ba5 16. Qd3 Bb6 17. Rad1 Be6 18.
Nd4 Bg4 19. Rfe1 Rc8 20. h3 Bh5 21. g4 Bg6 22. Nf5 h5 23. Bf3 hxg4 24. hxg4 Ne4 25. Bxe4 Rxe4 26. Qxe4 dxe4 27. Rxd8+ Rxd8 28. Bc3 Bxf5 29.
gxf5 Rd5 30. f6 g5 31. e3 Kh7 32. b4 Kg6 33. Rc1 a6 34. a4 Bc7 35. Kg2 Bd6 36. Bd4 Bxb4 37. Rc7 b5 38. axb5 axb5 39. Rb7 Bf8 40. f3 exf3+ 41. Kxf3 b4 42. Kg4 Bc5 43. Bxc5 Rxc5 44. Rxb4 Re5 45. e4 Kxf6 46. Rb6+ Re6 47. Rb4 Kg6 48. Rc4 Rxe4+ 49. Rxe4 f5+ 0-1